 Dungeon Crawl Stone Soup version 0.23.2-40-g277498a001 (webtiles) character file.

Game seed: 4926256754986522840

51 OrcJesus the Magician (level 3, 0/16 HPs)
             Began as a Spriggan Conjurer on Aug 26, 2019.
             Slain by a jackal (2 damage)
             ... on level 2 of the Dungeon.
             The game lasted 00:04:58 (1619 turns).

OrcJesus the Magician (Spriggan Conjurer)           Turns: 1619, Time: 00:04:58

Health: 0/16       AC: 12    Str:  4    XL:     3   Next: 58%
Magic:  9/9        EV:  2    Int: 17    God:
Gold:   20         SH:  0    Dex: 16    Spells: 9/10 levels left

rFire    . . .     SeeInvis +   e - +0 dagger
rCold    . . .     Gourm    .   (shield restricted)
rNeg     . . .     Faith    .   m - +0 storm dragon scales
rPois    .         Spirit   .   (helmet restricted)
rElec    +         Reflect  .   i - +1 cloak
rCorr    .         Harm     .   (gloves unavailable)
MR       .....                  (boots unavailable)
Stlth    ..........             (no amulet)
HPRegen  0.05/turn              d - ring of wizardry
MPRegen  0.11/turn              (no ring)

@: very quick
A: very small, unfitting armour, see invisible, herbivore, speed 3, slow
metabolism 2
a: no special abilities


You were on level 2 of the Dungeon.
You were not hungry.

You visited 1 branch of the dungeon, and saw 2 of its levels.

You collected 20 gold pieces.

Inventory:

Hand Weapons
 b - a +0 whip
 e - a +0 dagger (weapon)
Missiles
 l - a throwing net (quivered)
Armour
 a - a +0 robe
 i - a +1 cloak (worn)
 m - +0 storm dragon scales (worn)
Jewellery
 d - a ring of wizardry (left hand)
Scrolls
 f - a scroll of immolation {unknown}
 g - a scroll of amnesia {unknown}
 h - a scroll of identify {unknown}
 j - 2 scrolls of teleportation {unknown}
 p - a scroll of enchant armour {unknown}
Potions
 k - a potion of brilliance {unknown}
 n - a potion of degeneration {unknown}
 o - a potion of magic {unknown}
Comestibles
 c - 3 rations


   Skills:
 + Level 0.0 Fighting
 * Level 0.1 Short Blades
 + Level 0.0 Armour
 - Level 3.0 Dodging
 - Level 3.0 Stealth
 - Level 4.1 Spellcasting
 - Level 3.4 Conjurations


You had 9 spell levels left.
You knew the following spells:

 Your Spells              Type           Power        Failure   Level  Hunger
z - Magic Dart            Conj           ###.         100%        1    None

Your spell library contained the following spells:

 Spells                   Type           Power        Failure   Level  Hunger
 Searing Ray              Conj           ###...       100%        2    ##.....
 Dazzling Spray           Conj/Hex       #.....       100%        3    ###....
 Force Lance              Conj/Tloc      #.......     100%        4    ####...
 Fulminant Prism          Conj/Hex       #.........   100%        4    ####...
 Iskenderun's Mystic Bla  Conj           ###.....     100%        4    ####...


Dungeon Overview and Level Annotations

Branches:
Dungeon (2/15)

Altars:


Innate Abilities, Weirdness & Mutations

You are very small and have problems with some larger weapons.
You are too small for most types of armour.
You have supernaturally acute eyesight. (SInv)
You are a herbivore.
You cover ground extremely quickly.
You need to consume almost no food.


Message History

Your storm dragon scales prevents you from hitting the jackal.
The jackal is severely wounded.
The jackal bites you but does no damage.
You barely miss the jackal.
The jackal is severely wounded.
The jackal bites you but does no damage.
The jackal bites you.
* * * LOW HITPOINT WARNING * * *
You hit the jackal but do no damage.
The jackal is severely wounded.
The jackal bites you.
* * * LOW HITPOINT WARNING * * *
The jackal bites you but does no damage.
You hit the jackal.
The jackal is almost dead.
The jackal bites you but does no damage. x2
Your storm dragon scales prevents you from hitting the jackal.
The jackal is almost dead.
The jackal bites you.
You die...

#.# .. #.#
.#
#.#####.#
#..†....#
#####...#
#######..##
.........#
#######.##
#@# #h# #h#
#S# #h# #g#
#h# #?# #.#


You could see an adder, 4 jackals and a hobgoblin.

Vanquished Creatures
  A gnoll (D:1)
  A worm (D:2)
  3 dart slugs
  3 leopard geckos
  6 bats (D:1)
  A giant cockroach (D:1)
  3 goblins (D:1)
  2 hobgoblins (D:1)
  5 kobolds (D:1)
  4 rats (D:1)
29 creatures vanquished.

Notes
Turn   | Place    | Note
-------+----------+-------------------------------------------
     0 | D:1      | OrcJesus the Spriggan Conjurer began the quest for the Orb.
     0 | D:1      | Reached XP level 1. HP: 9/9 MP: 5/5
    46 | D:1      | Reached skill level 3 in Spellcasting
   201 | D:1      | Reached XP level 2. HP: 12/13 MP: 0/7
   309 | D:1      | Reached skill level 4 in Spellcasting
   783 | D:1      | Reached XP level 3. HP: 16/16 MP: 9/9
  1619 | D:2      | Slain by a jackal

Skill      XL: |  1  2 |
---------------+-------+-----
Spellcasting   | 3 4 |  4.1
Conjurations   | 3 |  3.4
Short Blades   | |  0.1
Dodging        | |  3.0
Stealth        | |  3.0

Action                   || total
-------------------------++-------
Melee: Whip              ||    20
       Unarmed           ||     1
       Dagger            ||   114
 Cast: Magic Dart        ||    59
 Stab: Sleeping          ||     5
Armor: Robe              ||     8
       Storm dragon scal ||    85
Dodge: Dodged            ||    64
